[Event "Titled Tuesday Blitz December 20 Early 2022"]
[White "BahadirOzen"]
[Black "Edam, Michael"]
[BlackFideId "24613231"]
[WhiteElo "2853"]
[BlackElo "2023"]
[Result "1-0"]
[Round "01"]
[TimeControl "180+2"]
[Date "2022.12.20"]
[WhiteClock "0:00:13"]
[BlackClock "0:00:01"]

1. g3 d5 2. Nf3 Nf6 3. Bg2 g6 4. O-O Bg7 5. d3 O-O 6. Nbd2 Nbd7 7. e4 e5 8. b4 Qe7 9. c3 b6 10. Re1 Bb7 11. Bb2 a5 12. a3 axb4 13. axb4 Rxa1 14. Bxa1 Ra8 15. Qb3 dxe4 16. Ng5 h6 17. Ngxe4 Nxe4 18. Nxe4 Kh7 19. Ng5+ hxg5 20. Bxb7 Ra7 21. Bd5 f5 22. c4 g4 23. Kg2 Qg5 24. h3 Qd2 25. Rd1 Qe2 26. hxg4 Ra2 27. Rh1+ Bh6 28. Rf1 Be3 29. Bf3 Qd2 30. Bc3 Qc2 31. Qxc2 Rxc2 32. Be1 Bd4 33. gxf5 gxf5 34. Rh1+ Kg7 35. g4 fxg4 36. Bxg4 Nf6 37. Bf5 c5 38. b5 e4 39. dxe4 Rxc4 40. f4 Rc2+ 41. Kf3 Rb2 42. e5 Nd5 43. Rh7+ Kg8 44. Rb7 Ne3 45. Be6+ Kf8 46. Bh4 Rxb5 47. Bf6 1-0


[Site "https://www.chess.com"]

[Event "Titled Tuesday Blitz December 20 Early 2022"]
[White "Balasch Peries, Eduard"]
[Black "dropstoneDP"]
[WhiteFideId "32067372"]
[WhiteElo "1671"]
[BlackElo "3038"]
[Result "0-1"]
[Round "01"]
[TimeControl "180+2"]
[Date "2022.12.20"]
[WhiteClock "0:01:12"]
[BlackClock "0:00:53"]

1. d4 Nf6 2. c4 g6 3. g3 c6 4. Bg2 d5 5. cxd5 cxd5 6. Nc3 Bg7 7. Nf3 Ne4 8. O-O Nc6 9. Qb3 Nxc3 10. bxc3 O-O 11. a4 Na5 12. Qc2 Bf5 13. Qd1 Rc8 14. Bd2 Nc4 15. Nh4 Bg4 16. h3 Be6 17. Nf3 h6 18. Re1 Qd7 19. Kh2 b6 20. Bf1 Bf5 21. Nh4 e5 22. Nxf5 Qxf5 23. Bg2 exd4 24. cxd4 Qxf2 25. Bf4 g5 26. Be5 Ne3 0-1


[Site "https://www.chess.com"]

[Event "Titled Tuesday Blitz December 20 Early 2022"]
[White "Ball, John D L"]
[Black "Eloisa Navez, Angel"]
[WhiteFideId "402150"]
[BlackFideId "5117305"]
[WhiteElo "2230"]
[BlackElo "1942"]
[Result "1-0"]
[Round "01"]
[TimeControl "180+2"]
[Date "2022.12.20"]
[WhiteClock "0:01:59"]
[BlackClock "0:00:10"]

1. e4 e6 2. d4 d5 3. Nc3 Nf6 4. Bd3 c5 5. Nf3 c4 6. Be2 Bb4 7. exd5 exd5 8. O-O O-O 9. Bg5 Bxc3 10. bxc3 h6 11. Bxf6 Qxf6 12. Ne5 Nc6 13. f4 Bf5 14. Bf3 Rad8 15. Rb1 b6 16. Qd2 Nxe5 17. fxe5 Qe6 18. Rf2 Bg4 19. Rbf1 Bxf3 20. Rxf3 b5 21. Qf2 a5 22. Qg3 Qg6 23. Qxg6 fxg6 24. Rxf8+ Rxf8 25. Rxf8+ Kxf8 26. Kf2 Ke7 27. Ke3 Ke6 28. Kd2 Kf5 29. Kc1 g5 30. Kb2 h5 31. a4 bxa4 32. Ka3 h4 33. Kxa4 g4 34. Kxa5 g3 35. hxg3 hxg3 36. Kb4 g5 37. Kc5 Ke4 38. e6 Ke3 39. e7 Kf2 40. e8=Q Kxg2 41. Qe2+ Kh1 42. Qh5+ Kg1 43. Qxg5 g2 44. Kxd5 Kf1 45. Kxc4 1-0


[Site "https://www.chess.com"]

[Event "Titled Tuesday Blitz December 20 Early 2022"]
[White "Battlecruiser_Operational"]
[Black "Aygehovit1992"]
[WhiteElo "2428"]
[BlackElo "2682"]
[Result "0-1"]
[Round "01"]
[TimeControl "180+2"]
[Date "2022.12.20"]
[WhiteClock "0:00:06"]
[BlackClock "0:01:23"]

1. d4 Nf6 2. c4 e6 3. Nc3 Bb4 4. e3 b6 5. Ne2 Ba6 6. a3 Bxc3+ 7. Nxc3 O-O 8. b4 d5 9. b5 Bb7 10. c5 c6 11. cxb6 axb6 12. Bd3 c5 13. O-O Nbd7 14. f4 Rc8 15. Bb2 Ne8 16. Qh5 g6 17. Qh3 Nd6 18. Rad1 cxd4 19. Ne2 dxe3 20. Qh6 Nf6 21. Rf3 d4 22. Nxd4 Bxf3 23. Nxf3 Nf5 24. Qh3 h5 25. Ne5 Qd5 26. Nc6 Ne4 27. Be2 Nf2 28. Qxf5 Qxd1+ 29. Bxd1 exf5 30. Ne7+ Kh7 31. Nxc8 Nxd1 32. Nd6 e2 0-1


[Site "https://www.chess.com"]

[Event "Titled Tuesday Blitz December 20 Early 2022"]
[White "Beca, Rodrigo Martins"]
[Black "ErikRonka"]
[WhiteFideId "1954490"]
[WhiteElo "2976"]
[BlackElo "2520"]
[Result "0-1"]
[Round "01"]
[TimeControl "180+2"]
[Date "2022.12.20"]
[WhiteClock "0:00:05"]
[BlackClock "0:00:06"]

1. e4 c5 2. Nc3 e6 3. Nge2 d6 4. g3 Nc6 5. Bg2 Nf6 6. d3 Be7 7. h3 O-O 8. g4 Rb8 9. f4 b5 10. Ng3 b4 11. Nce2 d5 12. g5 Ne8 13. h4 dxe4 14. Nxe4 Bb7 15. Be3 Nd4 16. O-O Nd6 17. Nxd6 Qxd6 18. Bxd4 cxd4 19. Ng3 Bxg2 20. Kxg2 Rbc8 21. Rf2 Rc5 22. Ne4 Qd5 23. Qf3 Rc6 24. Ng3 Qd7 25. Re1 Rfc8 26. Ree2 Bf8 27. h5 Ra6 28. f5 Rxa2 29. g6 exf5 30. Nxf5 fxg6 31. hxg6 hxg6 32. Nxd4 Bc5 33. Re5 Bxd4 34. Rd5 Qe7 35. Rxd4 Rxb2 36. Qd5+ Kh7 37. Re4 Qd8 38. Qxd8 Rxd8 39. Rc4 a5 40. Rc7 Rd5 41. Kg3 b3 42. cxb3 Rxd3+ 43. Kg2 Rxf2+ 44. Kxf2 Rxb3 45. Ra7 Ra3 46. Ra6 Kh6 47. Kg2 Kh5 48. Kf2 g5 49. Ra7 g6 50. Rh7+ Kg4 51. Rg7 Ra2+ 52. Ke3 a4 53. Rxg6 a3 54. Rg8 Ra1 55. Ra8 a2 56. Kf2 Rh1 0-1


[Site "https://www.chess.com"]

[Event "Titled Tuesday Blitz December 20 Early 2022"]
[White "Bilandani, Vansh"]
[Black "JohnWhite1952"]
[WhiteFideId "8511292"]
[WhiteElo "2488"]
[BlackElo "1978"]
[Result "1-0"]
[Round "01"]
[TimeControl "180+2"]
[Date "2022.12.20"]
[WhiteClock "0:01:39"]
[BlackClock "0:01:32"]

1. d4 Nf6 2. Nf3 g6 3. Bg5 Bg7 4. c3 d6 5. Nbd2 O-O 6. e4 c5 7. dxc5 dxc5 8. Qc2 Nc6 9. Bc4 a6 10. a4 Bg4 11. O-O h6 12. Bh4 g5 13. Bg3 Bh5 14. e5 Ng4 15. Rfe1 Bg6 16. Qxg6 Ngxe5 17. Nxe5 Nxe5 18. Bxe5 Qxd2 19. Qxg7# 1-0


[Site "https://www.chess.com"]

[Event "Titled Tuesday Blitz December 20 Early 2022"]
[White "Brunstein, Sandrine"]
[Black "Shuvalov, Evgenij"]
[WhiteFideId "625574"]
[BlackFideId "4187237"]
[WhiteElo "1990"]
[BlackElo "2038"]
[Result "1-0"]
[Round "01"]
[TimeControl "180+2"]
[Date "2022.12.20"]
[WhiteClock "0:00:11"]
[BlackClock "0:00:09"]

1. e4 e6 2. Qe2 c5 3. Nf3 Nc6 4. g3 Nf6 5. Bg2 Be7 6. O-O d5 7. exd5 exd5 8. d4 cxd4 9. Rd1 Bg4 10. h3 Bxf3 11. Bxf3 O-O 12. Nd2 Bc5 13. Nb3 Bb6 14. Bg5 Re8 15. Qf1 h6 16. Bxf6 Qxf6 17. Bxd5 Rad8 18. Bxc6 bxc6 19. Qd3 c5 20. Nd2 Bc7 21. Re1 Ba5 22. Rxe8+ Rxe8 23. Nc4 Bc7 24. b3 h5 25. h4 g5 26. hxg5 Qxg5 27. Kf1 h4 28. gxh4 Qxh4 29. Qf3 Re6 30. Re1 Rxe1+ 31. Kxe1 Qg5 32. Ke2 Kg7 33. a4 Bf4 34. Qe4 Qg4+ 35. Qf3 Qe6+ 36. Kd1 Bc7 37. Qg2+ Qg6 38. Qxg6+ Kxg6 39. Ke2 Kf5 40. Kf3 f6 41. Nb2 Be5 42. Nd3 Bd6 43. Nc1 Be5 44. Ke2 Ke4 45. f3+ Kd5 46. Kd3 Bd6 47. Ne2 Be5 48. Ng1 Bd6 49. Nh3 Be5 50. Nf2 Bd6 51. Ne4 Be7 52. c3 dxc3 53. Nxc3+ Ke5 54. Ne2 Kd5 55. Nf4+ Ke5 56. Ng6+ Ke6 57. Nxe7 Kxe7 58. Kc4 Kd6 59. Kb5 Kd5 60. Ka6 c4 61. bxc4+ Kxc4 62. Kxa7 Kb4 63. Kb6 Kxa4 64. Kc5 Kb3 65. Kd5 Kc3 66. Ke6 Kd3 67. f4 Ke4 68. f5 Kf4 69. Kxf6 Kg4 70. Kg6 Kf4 71. f6 1-0


[Site "https://www.chess.com"]

[Event "Titled Tuesday Blitz December 20 Early 2022"]
[White "Butterfly"]
[Black "alexrustemov"]
[WhiteElo "2536"]
[BlackElo "2891"]
[Result "1/2-1/2"]
[Round "01"]
[TimeControl "180+2"]
[Date "2022.12.20"]
[WhiteClock "0:00:17"]
[BlackClock "0:00:27"]

1. Nf3 d5 2. b3 Nf6 3. Bb2 Bf5 4. e3 h6 5. Be2 e6 6. O-O Be7 7. c4 O-O 8. Nc3 Nbd7 9. d4 c6 10. Ne5 Nxe5 11. dxe5 Nd7 12. f4 dxc4 13. Bxc4 Nc5 14. Qf3 Qd2 15. Rf2 Qd7 16. Rd1 Qc7 17. e4 Bh7 18. Rfd2 b5 19. Bd3 Rad8 20. Bb1 Rxd2 21. Rxd2 Rd8 22. Rxd8+ Qxd8 23. h3 Qd2 24. Qf2 Qxf2+ 25. Kxf2 b4 26. Na4 Bxe4 27. Bxe4 Nxe4+ 28. Ke3 Ng3 29. Bd4 a6 30. Bc5 Nf5+ 31. Kd3 Kf8 32. Bxe7+ Kxe7 33. Nc5 a5 34. Nb7 g5 35. fxg5 hxg5 36. Nxa5 Kd7 37. Nb7 Nh4 38. g3 Nf5 39. Nc5+ Kc7 40. g4 Nh4 41. Na6+ Kb6 42. Nxb4 Nf3 43. Ke4 Ng1 44. Nc2 Nxh3 45. Ne3 Kb5 46. Nc4 Nf2+ 47. Kf3 Nd3 48. Nd6+ Kc5 49. Nxf7 Kd5 50. a4 Nc5 51. a5 Nxb3 52. a6 Nd4+ 53. Ke3 Nb5 54. Nxg5 Kxe5 55. Nf7+ Kf6 56. Nd8 Na7 57. Kf4 c5 58. g5+ Ke7 59. g6 Kf6 60. g7 Kxg7 61. Nxe6+ Kf6 62. Nxc5 Ke7 63. Ke5 Nc6+ 64. Kd5 Nb4+ 65. Kc4 Nxa6 1/2-1/2


[Site "https://www.chess.com"]

[Event "Titled Tuesday Blitz December 20 Early 2022"]
[White "CDOEspiao"]
[Black "Harsha_Bharathakoti"]
[WhiteElo "2486"]
[BlackElo "2867"]
[Result "0-1"]
[Round "01"]
[TimeControl "180+2"]
[Date "2022.12.20"]
[WhiteClock "0:00:15"]
[BlackClock "0:00:12"]

1. Nf3 f5 2. g3 Nf6 3. Bg2 g6 4. O-O Bg7 5. c3 O-O 6. Qb3+ e6 7. d4 Nc6 8. Nbd2 d6 9. a4 Kh8 10. a5 a6 11. Nc4 Qe8 12. Nfd2 e5 13. dxe5 dxe5 14. e4 f4 15. Qc2 g5 16. b3 Qh5 17. Ba3 Re8 18. Rfe1 Bh3 19. Nf1 Bxg2 20. Kxg2 f3+ 21. Kg1 Qh3 22. Nce3 Re6 23. Qd1 g4 24. Nd2 Bh6 25. Nxf3 Bxe3 26. Rxe3 gxf3 27. Rxf3 Ng4 28. Qd7 Qxh2+ 29. Kf1 Qh1+ 30. Ke2 Qxa1 31. Qxe6 Qxa3 32. Qxg4 Qe7 33. Rf5 Rd8 34. Kf3 Rg8 35. Qh5 Rf8 36. Kg2 Rxf5 37. exf5 Kg7 38. Qg4+ Kf8 39. Qh5 Qf7 40. Qh6+ Ke7 41. Qg5+ Kd7 42. f6 Ke6 43. f4 exf4 44. gxf4 Qxf6 45. Qg4+ Qf5 46. Qg8+ Kd7 47. Kg3 Qg6+ 48. Qxg6 hxg6 49. Kg4 Ke6 50. Kg5 Ne7 51. c4 Kf7 52. b4 Nf5 53. b5 c6 54. bxa6 bxa6 55. c5 Ng7 56. Kg4 Kf6 57. Kf3 Kf5 58. Ke3 Ne6 0-1


[Site "https://www.chess.com"]

[Event "Titled Tuesday Blitz December 20 Early 2022"]
[White "Caisachess"]
[Black "Roman_Ovetchkin"]
[WhiteElo "2409"]
[BlackElo "2702"]
[Result "0-1"]
[Round "01"]
[TimeControl "180+2"]
[Date "2022.12.20"]
[WhiteClock "0:00:42"]
[BlackClock "0:00:46"]

1. e4 c6 2. d4 d5 3. exd5 cxd5 4. Nf3 Nf6 5. Ne5 g6 6. Bb5+ Nbd7 7. c3 Bg7 8. O-O O-O 9. Nxd7 Bxd7 10. Bxd7 Qxd7 11. Bf4 b5 12. a4 Rfc8 13. Qb3 bxa4 14. Qxa4 Qb7 15. Qa3 e6 16. Nd2 a5 17. Be5 Bf8 18. Qa2 Nd7 19. Bf4 a4 20. Rfc1 Rc6 21. b4 Nb6 22. Nb1 Rac8 23. Bd2 Bxb4 24. Qb2 Bd6 25. Rxa4 Qc7 26. Ra1 Bxh2+ 27. Kh1 Nc4 28. Qb4 Bd6 29. Qb3 Qe7 30. g3 Qf6 31. Kg2 Rb6 32. Qd1 h5 33. Be1 Qf5 34. Nd2 Nb2 35. Qf3 Nd3 36. Qxf5 gxf5 37. Rc2 Rbc6 38. Kh3 Nxe1 39. Rxe1 Rxc3 40. Rxc3 Rxc3 41. Kh4 Rc2 42. Re2 Bb4 0-1


[Site "https://www.chess.com"]

[Event "Titled Tuesday Blitz December 20 Early 2022"]
[White "Canche Cab, Marco Alexei"]
[Black "Formento, Paolo"]
[WhiteFideId "5116139"]
[BlackFideId "861162"]
[WhiteElo "2004"]
[BlackElo "2327"]
[Result "0-1"]
[Round "01"]
[TimeControl "180+2"]
[Date "2022.12.20"]
[WhiteClock "0:00:02"]
[BlackClock "0:00:13"]

1. e4 c5 2. Nf3 d6 3. Bb5+ Bd7 4. Bxd7+ Nxd7 5. O-O Ngf6 6. Qe2 Rc8 7. c3 e6 8. d4 cxd4 9. cxd4 Be7 10. Nc3 Nb6 11. a4 O-O 12. a5 Na8 13. a6 b6 14. e5 dxe5 15. dxe5 Nd5 16. Nxd5 Qxd5 17. Rd1 Qc6 18. Nd4 Qe8 19. h4 Nc7 20. h5 h6 21. Qg4 Kh8 22. Bd2 Nd5 23. Rac1 Bc5 24. Nb3 Qb5 25. Nxc5 Rxc5 26. Rxc5 bxc5 27. Bc1 Qxa6 28. Qe4 Qb5 29. g4 Qb3 30. Rd3 Qc2 31. Be3 Nxe3 32. Qxe3 c4 33. Rd2 Qc1+ 34. Kg2 Qb1 35. g5 Qf5 36. gxh6 Qxh5 37. hxg7+ Kxg7 38. Rd4 Rg8 39. Rxc4 Kh7+ 40. Kf1 Qd1+ 41. Qe1 Rg1+ 42. Kxg1 Qxe1+ 43. Kg2 Qxe5 44. Rc3 Kg7 45. Ra3 Qxb2 46. Rxa7 Qd4 47. Ra3 e5 48. Re3 f5 49. Rg3+ Kf6 50. Rh3 f4 51. Rh6+ Kf5 52. Rh5+ Kg6 53. Rh3 Qe4+ 54. Kg1 f3 55. Rg3+ Kf5 56. Kh2 Kf4 57. Rg8 Qe1 58. Rf8+ Ke4 59. Kg3 Qg1+ 0-1


[Site "https://www.chess.com"]

[Event "Titled Tuesday Blitz December 20 Early 2022"]
[White "CaptainCasanova"]
[Black "supertfc"]
[WhiteElo "2584"]
[BlackElo "2268"]
[Result "0-1"]
[Round "01"]
[TimeControl "180+2"]
[Date "2022.12.20"]
[WhiteClock "0:00:36"]
[BlackClock "0:00:25"]

1. f4 d5 2. Nf3 Nf6 3. g3 g6 4. Bg2 Bg7 5. O-O O-O 6. d3 c5 7. c3 Nc6 8. Kh1 b6 9. Qe1 Bb7 10. Nbd2 Re8 11. d4 cxd4 12. cxd4 Nb4 13. Qd1 Rc8 14. a3 Nc2 15. Rb1 Ne3 16. Qe1 Nxf1 17. Qxf1 Ba6 18. Qe1 Qc7 19. Ne5 Qc2 20. b4 Bb5 21. Bb2 e6 22. e3 Nd7 23. Ba1 Nxe5 24. dxe5 Bd3 25. Bd4 Rc7 26. h4 Rec8 27. Kh2 h5 28. Bf3 Bf5 29. Bd1 Qd3 30. Rb3 Qb5 31. Be2 Qd7 32. b5 Rc1 33. Qf2 R8c2 34. Nf3 Bg4 35. Kg2 Qc7 36. a4 Rxe2 37. Qxe2 Rc2 38. Rb2 Rxe2+ 39. Rxe2 Qc4 40. Kf2 Qxa4 41. Rb2 Qd1 42. Ne1 Bf8 43. Ra2 Bb4 0-1


[Site "https://www.chess.com"]

[Event "Titled Tuesday Blitz December 20 Early 2022"]
[White "Cepo, Toni"]
[Black "Machidon, Cristi"]
[WhiteFideId "4675916"]
[BlackFideId "13904590"]
[WhiteElo "2145"]
[BlackElo "2279"]
[Result "0-1"]
[Round "01"]
[TimeControl "180+2"]
[Date "2022.12.20"]
[WhiteClock "0:00:17"]
[BlackClock "0:00:16"]

1. e4 Nc6 2. Nc3 e5 3. Nf3 g6 4. Bc4 Bg7 5. d3 d6 6. h3 Be6 7. Bxe6 fxe6 8. Ng5 Qe7 9. Qg4 Nd4 10. Qd1 Nf6 11. Ne2 Nxe2 12. Qxe2 O-O 13. O-O Nh5 14. Qg4 Rae8 15. h4 h6 16. Nh3 Kh7 17. Be3 a5 18. c3 Nf4 19. d4 Nxh3+ 20. Qxh3 a4 21. dxe5 Bxe5 22. f4 Bg7 23. Bd4 e5 24. fxe5 Bxe5 25. Rae1 a3 26. b3 b5 27. Rf3 Rxf3 28. Qxf3 Rf8 29. Qh3 Rf7 30. Rf1 Bxd4+ 31. cxd4 Rxf1+ 32. Kxf1 Qf6+ 33. Qf3 Qxd4 34. Qf7+ Qg7 35. Qd5 Qa1+ 36. Kf2 Qxa2+ 37. Kg1 Qa1+ 38. Kh2 Qe5+ 39. Qxe5 dxe5 0-1


[Site "https://www.chess.com"]

[Event "Titled Tuesday Blitz December 20 Early 2022"]
[White "Chesca, Alexandru"]
[Black "tusplingher"]
[WhiteFideId "1214438"]
[WhiteElo "1917"]
[BlackElo "2362"]
[Result "1-0"]
[Round "01"]
[TimeControl "180+2"]
[Date "2022.12.20"]
[WhiteClock "0:01:17"]
[BlackClock "0:00:46"]

1. Nf3 Nf6 2. c4 e6 3. Nc3 Bb4 4. a3 Bxc3 5. dxc3 O-O 6. Bg5 h6 7. Bh4 b6 8. e3 Bb7 9. Be2 d5 10. cxd5 exd5 11. O-O Nbd7 12. Qc2 Qe8 13. Rfd1 Ne4 14. c4 dxc4 15. Bxc4 Ne5 16. Be2 Ng6 17. Qxc7 Rb8 18. Bg3 Nxg3 19. hxg3 Qe4 20. Rd4 Qe6 21. Rad1 Bxf3 22. Bxf3 Ne5 23. Qxa7 Nxf3+ 24. gxf3 Qf5 25. Kg2 Qc2 26. R1d2 Qc1 27. Qe7 Rbe8 28. Qb4 Qc7 29. Rd7 Qb8 30. R7d6 b5 31. R6d5 Re5 32. Qf4 Rxd5 33. Rxd5 Qb7 34. Qd4 Kh7 35. Qe4+ g6 36. Qd4 Re8 37. Rd7 Re7 38. Rxb7 Rxb7 39. Qd5 1-0


[Site "https://www.chess.com"]

[Event "Titled Tuesday Blitz December 20 Early 2022"]
[White "ChessShop"]
[Black "VincentKeymer"]
[WhiteElo "2502"]
[BlackElo "2980"]
[Result "0-1"]
[Round "01"]
[TimeControl "180+2"]
[Date "2022.12.20"]
[WhiteClock "0:00:04"]
[BlackClock "0:00:41"]

1. d4 Nf6 2. Nf3 e6 3. Bg5 h6 4. Bh4 c5 5. e3 cxd4 6. exd4 Qb6 7. Bxf6 Qxb2 8. Nbd2 gxf6 9. Bd3 Qc3 10. O-O d5 11. Rb1 Bg7 12. Rb3 Qa5 13. c4 O-O 14. cxd5 Qxd5 15. Bc4 Qd8 16. d5 exd5 17. Bd3 f5 18. Qb1 Qf6 19. Rb5 Rd8 20. Rc1 Nc6 21. Nb3 b6 22. Qc2 Bd7 23. Qd1 Ne7 24. Rb4 a5 25. Rd4 Qd6 26. Bb1 a4 27. Nbd2 Bxd4 28. Nxd4 Rac8 29. N2f3 Rxc1 30. Qxc1 Rc8 31. Qd1 Qa3 32. Nc2 Qb2 33. Nfd4 a3 34. h4 Ba4 35. Qe1 Bxc2 36. Nxc2 Ng6 37. h5 Nf4 38. Qe5 Qxe5 0-1


[Site "https://www.chess.com"]

[Event "Titled Tuesday Blitz December 20 Early 2022"]
[White "Chessmissile07"]
[Black "Najdoski, Toni"]
[BlackFideId "15001334"]
[WhiteElo "2730"]
[BlackElo "2598"]
[Result "1-0"]
[Round "01"]
[TimeControl "180+2"]
[Date "2022.12.20"]
[WhiteClock "0:00:05"]
[BlackClock "0:00:22"]

1. g3 Nf6 2. Bg2 g6 3. b3 Bg7 4. Bb2 O-O 5. e3 a5 6. a3 d5 7. Ne2 c6 8. O-O Bg4 9. d3 Qc8 10. Nd2 Bh3 11. Nf3 Na6 12. Bxh3 Qxh3 13. Nf4 Qd7 14. Qe2 Nc5 15. Rad1 Rfe8 16. Kg2 Ne6 17. Ne5 Nxf4+ 18. exf4 Qe6 19. Rde1 Nd7 20. Nxd7 Qxe2 21. Rxe2 Bxb2 22. a4 Rad8 23. Ne5 f6 24. Nf3 Bc3 25. d4 Kf7 26. Re3 Bb4 27. c3 Bd6 28. c4 b6 29. Rfe1 c5 30. Rd3 dxc4 31. bxc4 cxd4 32. Nxd4 Bc5 33. Red1 Rd6 34. Nb5 Rxd3 35. Rxd3 Rc8 36. Kf3 Ke6 37. g4 f5 38. h3 Rc6 39. Rd5 Rc8 40. Re5+ Kf6 41. Rd5 Bb4 42. Rd4 e5 43. fxe5+ Kxe5 44. gxf5 gxf5 45. Rd5+ Ke6 46. Nd4+ Kf6 47. Rxf5+ Kg6 48. Rb5 Rxc4 49. Rxb6+ Kg5 50. Rb5+ Kh4 51. Nf5+ Kg5 52. Ne3+ 1-0


[Site "https://www.chess.com"]

[Event "Titled Tuesday Blitz December 20 Early 2022"]
[White "Coachpoker"]
[Black "yoelpolanco"]
[WhiteElo "2626"]
[BlackElo "2374"]
[Result "1-0"]
[Round "01"]
[TimeControl "180+2"]
[Date "2022.12.20"]
[WhiteClock "0:00:08"]
[BlackClock "0:00:08"]

1. d4 Nf6 2. c4 e6 3. Nf3 d5 4. e3 Be7 5. Nbd2 O-O 6. Bd3 c5 7. b3 cxd4 8. exd4 Nc6 9. Bb2 b6 10. O-O Bb7 11. Qe2 Re8 12. Rac1 Bf8 13. Rfd1 g6 14. h3 Bg7 15. Qe3 Qd6 16. Ne5 Nd7 17. Ndf3 Rad8 18. c5 bxc5 19. dxc5 Qc7 20. Nxc6 Bxb2 21. Nxd8 Bxc1 22. Rxc1 Rxd8 23. c6 Bxc6 24. Bb5 Nb8 25. Ne5 d4 26. Qf4 Rd5 27. Bxc6 Nxc6 28. Rxc6 Qxe5 29. Qxe5 Rxe5 30. Rd6 Re1+ 31. Kh2 e5 32. Kg3 Re2 33. Rd7 Rxa2 34. Kf3 Ra3 35. Ke4 f6 36. f4 exf4 37. Kxf4 Rxb3 38. Rxa7 Rb2 39. Kf3 d3 40. Rd7 d2 41. g4 Rb3+ 42. Kg2 Rb2 43. Kf3 h5 44. gxh5 g5 45. Kg4 Rb3 46. Kf5 Rf3+ 47. Kg6 Kf8 48. h6 Ke8 49. Rxd2 Rxh3 50. h7 Ke7 51. Rf2 g4 52. Rg2 f5 53. Kg7 Ke6 54. h8=Q Rxh8 55. Kxh8 Ke5 56. Kg7 Kf4 57. Kg6 Kf3 58. Rg1 f4 59. Kg5 g3 60. Kh4 Kf2 61. Rb1 g2 62. Kg4 f3 63. Rb2+ Kf1 64. Kxf3 g1=Q 65. Rb1# 1-0


[Site "https://www.chess.com"]

[Event "Titled Tuesday Blitz December 20 Early 2022"]
[White "Crone, Stephan"]
[Black "AvitalBor"]
[WhiteFideId "4670175"]
[WhiteElo "1860"]
[BlackElo "2816"]
[Result "0-1"]
[Round "01"]
[TimeControl "180+2"]
[Date "2022.12.20"]
[WhiteClock "0:00:20"]
[BlackClock "0:01:28"]

1. e4 c6 2. d4 d5 3. e5 Bf5 4. Nf3 e6 5. Be2 Ne7 6. O-O h6 7. Nbd2 Nd7 8. a4 a6 9. Nb3 Bh7 10. Bd2 Nf5 11. Ba5 b6 12. Bd2 Be7 13. c4 O-O 14. cxd5 cxd5 15. a5 b5 16. Rc1 Rc8 17. Bd3 Bg6 18. Rxc8 Qxc8 19. g4 Nh4 20. Bxg6 Nxg6 21. Qc1 Qc4 22. Qxc4 bxc4 23. Na1 Rb8 24. Bc3 Nf4 25. Re1 Nd3 26. Re2 Bb4 27. Kg2 Bxc3 28. bxc3 Nf4+ 29. Kf1 Nxe2 30. Kxe2 Rb2+ 31. Nd2 Ra2 0-1


[Site "https://www.chess.com"]

[Event "Titled Tuesday Blitz December 20 Early 2022"]
[White "Cuajada_Zero"]
[Black "Kildepiotr"]
[WhiteElo "2413"]
[BlackElo "2682"]
[Result "0-1"]
[Round "01"]
[TimeControl "180+2"]
[Date "2022.12.20"]
[WhiteClock "0:00:03"]
[BlackClock "0:01:15"]

1. d4 c5 2. d5 e5 3. Nc3 d6 4. e4 Be7 5. Be2 Bg5 6. h3 Bxc1 7. Qxc1 Ne7 8. Nf3 O-O 9. Nd2 Ng6 10. Nc4 Nf4 11. Bf3 a6 12. a4 f5 13. a5 Qc7 14. Nb6 Ra7 15. O-O Nd7 16. Nxd7 Bxd7 17. Kh2 Raa8 18. Qe3 Rf7 19. exf5 Bxf5 20. Be4 Raf8 21. f3 Qe7 22. Ra4 Bd7 23. Rc4 Qg5 24. Qf2 Qd8 25. Ra1 Rf6 26. b4 Rh6 27. bxc5 Bxh3 28. gxh3 Rxh3+ 29. Kg1 Qg5+ 30. Kf1 Rh1+ 0-1


[Site "https://www.chess.com"]

[Event "Titled Tuesday Blitz December 20 Early 2022"]
[White "Dadic, Ivan"]
[Black "chesselephant"]
[WhiteFideId "14531364"]
[WhiteElo "2080"]
[BlackElo "2582"]
[Result "1-0"]
[Round "01"]
[TimeControl "180+2"]
[Date "2022.12.20"]
[WhiteClock "0:00:56"]
[BlackClock "0:00:39"]

1. e4 e5 2. Nf3 Nc6 3. d4 exd4 4. Nxd4 Nf6 5. Nxc6 bxc6 6. e5 Qe7 7. Qe2 Nd5 8. h4 a5 9. g3 Ba6 10. c4 Nb6 11. b3 a4 12. Ba3 Qe6 13. Bh3 Qh6 14. Bxf8 Qc1+ 15. Qd1 Qxd1+ 16. Kxd1 Rxf8 17. Nd2 O-O-O 18. Ne4 Kb8 19. Nc5 Bc8 20. Kc2 d6 21. exd6 cxd6 22. Nxa4 Nxa4 23. bxa4 Ba6 24. Kc3 Rfe8 25. Rhe1 Kc7 26. Bf5 h6 27. Bc2 Rb8 28. Rab1 Rbd8 29. Bd3 c5 30. Be4 Re5 31. Bd5 f6 32. f4 Ree8 33. a5 Rb8 34. Rxe8 Rxe8 35. Rb6 Bc8 36. Rc6+ Kd7 37. a6 Re3+ 38. Kb2 Re2+ 39. Ka3 Re3+ 40. Ka4 Rxg3 41. Rxc8 1-0


[Site "https://www.chess.com"]

[Event "Titled Tuesday Blitz December 20 Early 2022"]
[White "De Firmian, Nick"]
[Black "Baki, Peter"]
[WhiteFideId "2000105"]
[BlackFideId "718459"]
[WhiteElo "2460"]
[BlackElo "2100"]
[Result "0-1"]
[Round "01"]
[TimeControl "180+2"]
[Date "2022.12.20"]
[WhiteClock "0:01:53"]
[BlackClock "0:02:00"]

1. Nf3 d5 2. g3 Nf6 3. Bg2 e6 4. O-O Be7 5. d4 O-O 6. Nbd2 b6 7. b3 Bb7 8. Bb2 Nbd7 9. Re1 Ne4 10. e3 f5 11. Ne5 Nxe5 12. dxe5 Bb4 13. Bxe4 fxe4 14. a3 Bxd2 15. Qxd2 Qg5 16. h4 Qg4 17. Qe2 Rf3 18. Qf1 Raf8 19. Re2 Ba6 20. Rae1 Rxg3+ 0-1


[Site "https://www.chess.com"]

[Event "Titled Tuesday Blitz December 20 Early 2022"]
[White "Derybas, Igor"]
[Black "Xiong, Jeffery"]
[WhiteFideId "41846400"]
[BlackFideId "2047640"]
[WhiteElo "1490"]
[BlackElo "2692"]
[Result "0-1"]
[Round "01"]
[TimeControl "180+2"]
[Date "2022.12.20"]
[WhiteClock "0:00:03"]
[BlackClock "0:00:34"]

1. d4 Nf6 2. c4 c5 3. d5 b5 4. e4 Nxe4 5. Qf3 Nd6 6. Nc3 a6 7. Bf4 Qb6 8. Nh3 Bb7 9. Be2 g6 10. Ng5 Bh6 11. h4 bxc4 12. O-O Nf5 13. Bxc4 O-O 14. Rfe1 Qf6 15. Be5 Nxh4 16. Qxf6 exf6 17. Bxf6 Nf5 18. Nce4 d6 19. g4 Nd4 20. Nxd6 Nd7 21. Bxd4 cxd4 22. Nxb7 Bxg5 23. d6 Rfb8 24. Bd5 Nf6 25. Bf3 Ra7 26. Rad1 Raxb7 27. Bxb7 Rxb7 28. Rxd4 Rxb2 29. a4 Bh4 30. Rf1 Nd7 31. Rc4 Ne5 32. Rc8+ Kg7 33. Rd1 Rxf2 34. d7 Nf3+ 35. Kh1 Rh2# 0-1


[Site "https://www.chess.com"]

[Event "Titled Tuesday Blitz December 20 Early 2022"]
[White "Devallee, Jeremie"]
[Black "Ducrest, Pierre"]
[WhiteFideId "665240"]
[BlackFideId "1303627"]
[WhiteElo "2204"]
[BlackElo "2004"]
[Result "0-1"]
[Round "01"]
[TimeControl "180+2"]
[Date "2022.12.20"]
[WhiteClock "0:00:08"]
[BlackClock "0:00:52"]

1. e4 c5 2. Nf3 d6 3. d4 Nf6 4. Nc3 cxd4 5. Nxd4 a6 6. Bg5 Nbd7 7. Bc4 Qb6 8. Bb3 h6 9. Be3 Qa5 10. O-O e6 11. f4 Be7 12. Qf3 O-O 13. Rad1 Qc7 14. Qg3 Kh8 15. Bxe6 Nh5 16. Qh3 fxe6 17. Nxe6 Ndf6 18. Nxc7 Bxh3 19. Nxa8 Bg4 20. Nb6 Bxd1 21. Rxd1 Ng4 22. Bc1 Nxf4 23. h3 Bd8 24. Nd7 Rf7 25. hxg4 Ng6 26. Nc5 Bb6 27. Be3 Bxc5 28. Bxc5 dxc5 29. Rd8+ Kh7 30. Rc8 Ne5 31. Rxc5 Nxg4 32. Rd5 g5 33. e5 Kg6 34. e6 Re7 35. Rd7 Rxe6 36. Rxb7 Re1# 0-1


[Site "https://www.chess.com"]

[Event "Titled Tuesday Blitz December 20 Early 2022"]
[White "Djeno, Drago"]
[Black "Shockerlover"]
[WhiteFideId "14400421"]
[WhiteElo "2223"]
[BlackElo "1948"]
[Result "1-0"]
[Round "01"]
[TimeControl "180+2"]
[Date "2022.12.20"]
[WhiteClock "0:01:45"]
[BlackClock "0:00:08"]

1. e4 d6 2. Nc3 g6 3. f4 Bg7 4. Bc4 Nf6 5. Nf3 O-O 6. d3 c5 7. O-O Nc6 8. Qe1 a6 9. a3 b5 10. Ba2 b4 11. Ne2 a5 12. axb4 cxb4 13. Qh4 Qb6+ 14. Kh1 Bg4 15. f5 Bxf3 16. Rxf3 Ne5 17. Rh3 Neg4 18. d4 h5 19. fxg6 Nxe4 20. gxf7+ Rxf7 21. Bxf7+ Kxf7 22. Qxh5+ Kg8 23. Qd5+ Kf8 24. Rf3+ Ke8 25. Qxa8+ Kd7 26. Qxe4 1-0


[Site "https://www.chess.com"]